 Dungeon Crawl Stone Soup version 0.24.1-8-ga250c9d538 (webtiles) character file.

Game seed: 4284175988140574113, levelgen mode: deterministic

68 Peloso the Covered (level 4, 25/35 HPs)
             Began as a Demonspawn Fighter on May 1, 2020.
             Got out of the dungeon alive.
             The game lasted 00:02:55 (1516 turns).

Peloso the Covered (Demonspawn Fighter)             Turns: 1516, Time: 00:02:56

Health: 25/35      AC:  6    Str: 17    XL:     4   Next: 1%
Magic:  4/4        EV:  7    Int:  9    God:
Gold:   122        SH:  9    Dex: 13    Spells: 3/3 levels left

rFire    . . .     SeeInvis .   a - +0 long sword
rCold    . . .     Gourm    .   c - +0 shield
rNeg     . . .     Faith    .   h - +0 scale mail
rPois    .         Spirit   +   (no helmet)
rElec    .         Reflect  .   (no cloak)
rCorr    .         Harm     .   (no gloves)
MR       .....                  (no boots)
Stlth    ..........             (no amulet)
HPRegen  0.11/turn              (no ring)
MPRegen  0.18/turn              (no ring)

@: no status effects
A: talons 1, magic shield, magic regeneration
a: no special abilities


You escaped.
You were very hungry.

You visited 1 branch of the dungeon, and saw 2 of its levels.

You collected 122 gold pieces.

Inventory:

Hand Weapons
 a - a +0 long sword (weapon)
 b - a +2 short sword of speed
Armour
 c - a +0 shield (worn)
 h - a +0 scale mail (worn)
Jewellery
 m - an uncursed ring of protection from magic {unknown}
Scrolls
 e - 2 scrolls of amnesia {unknown}
 g - 4 scrolls of teleportation {unknown}
 i - a scroll of remove curse {unknown}
 l - a scroll of enchant weapon {unknown}
Potions
 d - a potion of might
 j - a potion of heal wounds {unknown}
 k - a potion of lignification {unknown}
 n - a potion of flight {unknown}
 o - a potion of degeneration {unknown}
 p - a potion of brilliance {unknown}
Comestibles
 f - 5 rations


   Skills:
 + Level 3.2 Fighting
 + Level 3.0 Long Blades
 + Level 3.2 Armour
 + Level 0.3 Dodging
 + Level 3.0 Shields


You had 3 spell levels left.
You didn't know any spells.
Your spell library was empty.

Dungeon Overview and Level Annotations

Branches:
Dungeon (2/15)

Altars:
Vehumet


Innate Abilities, Weirdness & Mutations

You have sharp toenails.
When hurt, damage is shared between your health and your magic reserves.
You regenerate magic rapidly.


Message History

The worm is severely wounded.
You block the worm's attack.
You hit the worm.
You kill the worm!
You have reached level 4!
You feel agile.
Your demonic ancestry asserts itself...
You feel your magic shroud grow more resilient.
(D) Dungeon
Where to? (Enter - D:12, ? - help)
What level of the Dungeon? (default 1, ? - help)
You are feeling very hungry.
(D) Dungeon
Where to? (Enter - D:1 @ (x,y), ? - help)
There is a stone staircase leading up here.
You climb upwards.
There is a stone staircase leading down here.
There is an open door here.
There is a staircase leading out of the dungeon here.
Are you sure you want to leave the Dungeon?
This will make you lose the game!
You have escaped!

.#.#.###.#..##.# #.# #.#
.#.#.....#..##.######.#######.#
.#...#####..##........#.......#
.#.....# #..##.##..##.#.#######
.##..#.# #..##+###§##...#
.....#.# #..#§.≈≈≈§§#.#########
.###...# #..#§§.≈.§§#.........#
.......# #..#≈≈...§≈#.#######.#
.......# #....≈.@§§...# #.#
######.###..#≈≈.§§≈≈### #.#
).)....)##..#≈≈.≈.§§# #.#
............#≈.≈≈≈.≈# #.#
.........##.##+###'## #.#
.......#.##..#.##..# #.#
.......#..##...##.## #.#
.......##.##.####.### #.#
.......##...........# #.#


There were no monsters in sight!

Vanquished Creatures
  3 adders (D:2)
  A worm (D:2)
  A dart slug (D:1)
  2 leopard geckos (D:1)
  2 ball pythons
  2 giant cockroaches
  5 goblins
  2 hobgoblins (D:1)
  7 kobolds
  A quokka (D:2)
  2 bats (D:1)
  A frilled lizard (D:2)
  8 rats
37 creatures vanquished.

Notes
Turn   | Place    | Note
-------+----------+-------------------------------------------
     0 | D:1      | Peloso the Demonspawn Fighter began the quest for the Orb.
     0 | D:1      | Reached XP level 1. HP: 18/18 MP: 1/1
   149 | D:1      | Gained mutation: When hurt, damage is shared between your
                  | health and your magic reserves. [demonic ancestry]
   149 | D:1      | Reached XP level 2. HP: 7/24 MP: 2/2
  1096 | D:2      | Gained mutation: You have sharp toenails. [demonic
                  | ancestry]
  1096 | D:2      | Reached XP level 3. HP: 29/29 MP: 3/3
  1176 | D:2      | Found a radiant altar of Vehumet.
  1464 | D:2      | Gained mutation: You regenerate magic rapidly. [demonic
                  | ancestry]
  1464 | D:2      | Reached XP level 4. HP: 19/35 MP: 2/4
  1516 | D:$      | Got out of the dungeon alive.

Levels and vault maps discovered:
D:1:      ncdulo_lavacross, layout_basic
D:2:      layout_basic, lemuel_doored_altar, tgw_trog

Skill      XL: |  1  2  3 |
---------------+----------+-----
Long Blades    | 2 3 |  3.0
Armour         | 3 |  3.2
Shields        | 3 |  3.0
Fighting       | |  3.2
Dodging        | |  0.3

Action                   |  1- 3 |  4- 6 || total
-------------------------+-------+-------++-------
Melee: Long sword        |   112 |       ||   112
       Kick              |     6 |       ||     6
  Eat: Chunk             |     1 |       ||     1
Armor: Scale mail        |    46 |       ||    46
Dodge: Dodged            |    28 |       ||    28
Block: Shield            |    54 |       ||    54
       Rpst.: Long sword |    10 |       ||    10
